 Dungeon Crawl Stone Soup version 0.30-a0-1066-g63dfefce0d (webtiles) character file.

Game seed: 5515286511863645498

126 hwolsky the Slasher (level 5, -7/35 HPs)
             Began as a Meteoran Reaver on Apr 12, 2023.
             Was an Initiate of Sif Muna.
             Mangled by an iguana (11 damage)
             ... on level 4 of the Dungeon.
             The game lasted 00:11:11 (2030 turns).

hwolsky the Slasher (Meteoran Reaver)               Turns: 2030, Time: 00:11:12

Health: -7/35      AC:  4    Str: 16    XL:     5   Next: 59%
Magic:  11/11      EV: 12    Int: 16    God:    Sif Muna [......]
Gold:   917        SH:  0    Dex: 12    Spells: 7/10 levels left

rFire   . . .      SeeInvis .    h - +3 rapier
rCold   . . .      Faith    .    (no shield)
rNeg    . . .      Spirit   .    j - +1 robe of Classification {Int+2}
rPois   .          Reflect  .    (no helmet)
rElec   .          Rampage  .    (no cloak)
rCorr   .                        k - +0 pair of gloves
Will    .....                    (no boots)
Stlth   +                        (no amulet)
HPRegen 0.25/turn                (no ring)
MPRegen 0.12/turn                (no ring)

@: glowing
A: sense surroundings 1, otherworldly, glowing, explore regen
a: Renounce Religion


You were on level 4 of the Dungeon.
You worshipped Sif Muna.
Sif Muna was noncommittal.
You visited 1 branch of the dungeon, and saw 4 of its levels.

You collected 917 gold pieces.

Inventory:

Hand Weapons
 a - a +1 falchion
 h - a +3 rapier (weapon)
Armour
 b - a +0 leather armour
 j - the +1 robe of Classification (worn) {Int+2}
   (You found it on level 3 of the Dungeon)

   Int:       It affects your intelligence (+2).
 k - a +0 pair of gloves (worn)
Scrolls
 g - a scroll of vulnerability
 i - a scroll of identify
 l - 2 scrolls of immolation
Potions
 c - a potion of cancellation {unknown}
 d - 5 potions of curing
 e - a potion of haste {unknown}
 f - a potion of resistance {unknown}


   Skills:
 + Level 2.9 Fighting
 * Level 2.0(3.2) Short Blades
 + Level 4.3(4.6) Long Blades
 + Level 3.2 Dodging
 + Level 3.4 Spellcasting
 + Level 4.3 Conjurations


You had 7 spell levels left.
You knew the following spells:

 Your Spells              Type           Power      Damage    Failure   Level
a - Kiss of Death         Conj/Necr      36%        2d8       8%          1
b - Momentum Strike       Conj/Tloc      18%        3d8       11%         2

Your spell library contained the following spells:

 Spells                   Type           Power      Damage    Failure   Level
 Hailstorm                Conj/Ice       9%         3d4       22%         3
 Portal Projectile        Hex/Tloc       4%         N/A       47%         3
 Tukima's Dance           Hex            2%         N/A       47%         3
 Blade Hands              Tmut           1%         N/A       99%         5


Dungeon Overview and Level Annotations

Branches:
Dungeon (4/15) Zot: 554
 Temple: D:4-7

Altars:
Makhleb
Qazlal
Sif Muna
Vehumet


Innate Abilities, Weirdness & Mutations

You passively map a small area around you.
You are easily found by Zot.
You glow in the dark.
You regain HP and MP as you explore.


Message History

You now have 917 gold pieces (gained 18).
You see here a +0 spear.
Found a stone staircase leading down.
An iguana comes into view.
The iguana hisses angrily.
The iguana bites you.
You barely miss the iguana. The iguana closely misses you.
You puncture the iguana!
The iguana is heavily wounded.
The iguana misses you.
You hit the iguana but do no damage.
The iguana is heavily wounded.
The iguana bites you!
You barely miss the iguana.
The iguana is heavily wounded.
The iguana barely misses you.
You barely miss the iguana.
The iguana is heavily wounded.
The iguana bites you but does no damage.
You barely miss the iguana.
The iguana is heavily wounded.
The iguana completely misses you.
You barely miss the iguana.
The iguana is heavily wounded.
The iguana barely misses you.
You hit the iguana but do no damage.
The iguana is heavily wounded.
The iguana bites you!
* * * LOW HITPOINT WARNING * * *
You hit the iguana.
The iguana is heavily wounded.
The iguana bites you!
* * * LOW HITPOINT WARNING * * *
You hit the iguana but do no damage.
The iguana is heavily wounded.
The iguana barely misses you.
You hit the iguana.
The iguana is severely wounded.
The iguana bites you!
You die...

..##.#♣.≈....)≈.♣....#
*
†.##..♣..≈≈≈≈≈..♣....#
,
..###..♣♣♣♣♣♣♣♣♣.....#
, ..# #### , #.......#
..# * ###.##### ..# *
*#.# , ### * , , *#.#
*,, ,, #.# , *#@#* ,
,........l......
.............##
#####..>.....#
#........# #........#
#........# #....###.#
, * *


You could see an iguana.

Vanquished Creatures
  A hound (D:4)
  3 adders
  4 dart slugs
  5 orcs (D:3)
  3 endoplasms
  4 giant cockroaches
  2 goblins
  6 hobgoblins
  2 jackals (D:1)
  7 kobolds
  3 quokkas
  5 ball pythons
  2 bats (D:2)
  A frilled lizard (D:3)
  5 rats
53 creatures vanquished.

Vanquished Creatures (others)
  3 toadstools (D:2)
3 creatures vanquished.

Grand Total: 56 creatures vanquished

Notes
Turn   | Place    | Note
-------+----------+-------------------------------------------
     0 | D:1      | hwolsky the Meteoran Reaver began the quest for the Orb.
     0 | D:1      | Reached XP level 1. HP: 17/17 MP: 5/5
    72 | D:1      | Reached XP level 2. HP: 24/24 MP: 6/6
   341 | D:1      | Learned a level 2 spell: Momentum Strike
   467 | D:1      | Reached XP level 3. HP: 27/27 MP: 4/8
   492 | D:1      | Glimpsed the power of Zot.
   635 | D:2      | Found a faded altar of an unknown god.
   748 | D:2      | Identified a scroll of acquirement
   748 | D:2      | Acquired 637 gold pieces
  1012 | D:2      | Reached skill level 1 in Short Blades
  1012 | D:2      | Reached XP level 4. HP: 25/35 MP: 9/9
  1089 | D:2      | Glimpsed the power of Zot.
  1139 | D:2      | Glimpsed the power of Zot.
  1179 | D:2      | Glimpsed the power of Zot.
  1189 | D:2      | Touched by the power of Zot.
  1266 | D:3      | Identified the +1 robe of Classification {Int+2}
  1281 | D:3      | Found a shimmering blue altar of Sif Muna.
  1304 | D:3      | Became a worshipper of Sif Muna the Loreminder
  1510 | D:3      | Found a burning altar of Makhleb.
  1760 | D:4      | Reached XP level 5. HP: 26/35 MP: 9/11
  1855 | D:4      | Found a radiant altar of Vehumet.
  1920 | D:4      | Found a stormy altar of Qazlal.
  2030 | D:4      | Mangled by an iguana

Illustrated notes

Levels and vault maps discovered:
D:1:      psy_arrival_fountain, layout_basic, serial_bayou_crossing
D:2:      layout_loops_ring, basic_ecumenical_altar, minmay_gold_behind_fungi,
          minmay_misc_feat_enclosed, minmay_3d_cube
D:3:      layout_basic, mainiacjoe_overflow_tiny_flanked,
          mainiacjoe_overflow_concentric_impassable
D:4:      layout_basic, nicolae_dithmenos_through_a_glass_darkly,
          mainiacjoe_overflow_paths, nicolae_qazlal_eye_of_the_storm

Skill      XL: |  1  2  3  4  5 |
---------------+----------------+-----
Spellcasting   | 3 |  3.4
Long Blades    | 4 |  4.3
Conjurations   | 4 |  4.3
Short Blades   | 1 2 |  2.0
Dodging        | 3 |  3.2
Fighting       | |  2.9

Action                     |  1- 3 |  4- 6 || total
---------------------------+-------+-------++-------
  Melee: Falchion          |    60 |       ||    60
         Rapier            |    16 |    77 ||    93
         Punch             |       |     1 ||     1
   Cast: Momentum Strike   |     2 |     3 ||     5
         Kiss of Death     |     2 |       ||     2
    Use: Scroll            |     5 |     3 ||     8
 Armour: Leather armour    |    23 |       ||    23
         Robe              |       |    18 ||    18
  Dodge: Dodged            |    38 |    40 ||    78

Table legend: (Time is in decaauts)
 A = Elapsed time spent in this place.
 B = Non-inter-level travel time spent in this place.
 C = Inter-level travel time spent in this place.
 D = Time resting spent in this place.
 E = Time spent auto-exploring this place.
 F = Levels seen in this place.
 G = Mean time per level.
                   A        B        C        D        E       F      G
               +--------+--------+--------+--------+--------+-----+--------+
         Total |   2045 |   1962 |     83 |     18 |   1360 |   4 |  511.2 |
       Dungeon |   2045 |   1962 |     83 |     18 |   1360 |   4 |  511.2 |
               +--------+--------+--------+--------+--------+-----+--------+

Top non-repeatable levels by time:
     D:2: 740 daAuts
     D:1: 510 daAuts
     D:3: 506 daAuts
     D:4: 288 daAuts
